 Dungeon Crawl Stone Soup version 0.16.0-11-gd45b091 (webtiles) character file.

172 Chiseanne the Insei (level 5, -1/28 HPs)
             Began as a Vine Stalker Monk on Mar 17, 2015.
             Was an Initiate of Gozag.
             Slain by a gnoll
             ... wielding a +0 halberd of chopping
              (9 damage)
             ... on level 3 of the Dungeon.
             The game lasted 00:04:43 (1744 turns).

Chiseanne the Insei (Vine Stalker Monk)             Turns: 1744, Time: 00:04:43

Health: -1/28      AC:  5    Str: 18    XL:     5   Next: 53%
Magic:  0/7        EV: 12    Int: 10    God:    Gozag
Gold:   212        SH:  0    Dex: 17    Spells: 0 memorised, 4 levels left

rFire  . . .     SeeInvis .       - Unarmed
rCold  . . .     Clarity  .     g - +0 ring mail
rNeg   . . .     SustAb   .     (no shield)
rPois  .         Gourm    .     (no helmet)
rElec  .         Spirit   +     (no cloak)
rCorr  .         Warding  .     (no gloves)
rMut   .         Stasis   .     (no boots)
MR     .....                    (no amulet)
Stlth  ++........               (no ring)
                                h - +4 ring of strength

@: not resistant to hostile enchantments, unstealthy
A: fangs 2, regeneration 1, magic shield, antimagic bite, no device heal 3, rot
immunity
a: Potion Petition, Call Merchant, Bribe Branch, Renounce Religion


You were on level 3 of the Dungeon.
You worshipped Gozag.
Gozag was noncommittal.
You were not hungry.

You visited 1 branch of the dungeon, and saw 3 of its levels.

You collected 212 gold pieces.

Inventory:

Missiles
 i - 7 tomahawks (quivered)
 j - a throwing net
 m - 10 poisoned needles
Armour
 g - a +0 ring mail (worn)
Jewellery
 h - a +4 ring of strength (left hand)
Scrolls
 c - 6 scrolls of identify {unknown}
 d - a scroll of immolation {unknown}
 e - 3 scrolls of remove curse {unknown}
 l - a scroll of enchant weapon {unknown}
Potions
 f - a potion of brilliance {unknown}
 k - a potion of might {unknown}
Comestibles
 b - 3 bread rations
 n - a meat ration


   Skills:
 * Level 3.1 Fighting
 * Level 1.3 Armour
 * Level 3.4 Dodging
 - Level 2.4 Stealth
 * Level 5.1 Unarmed Combat


You had 4 spell levels left.
You didn't know any spells.

Dungeon Overview and Level Annotations

Branches:
Dungeon (3/15)

Altars:
Cheibriados
Gozag


Innate Abilities, Weirdness & Mutations

You have extremely sharp teeth.
Your natural rate of healing is unusually fast.
When hurt, damage is shared between your health and your magic reserves.
Your bite disrupts and absorbs the magic of your enemies.
Potions and wands cannot restore your health.
You are immune to rotting.


Message History

The gnoll barely misses you.
You see here 7 gold pieces.
You hit the gnoll!
You kill the gnoll!
The gnoll hits you from afar with a halberd of chopping!
* * * LOW HITPOINT WARNING * * *
x2
Items here: $ )) [ 12 gold pieces; a spear; a club; a leather armour The gnoll hits you from afar with a halberd of chopping.
* * * LOW HITPOINT WARNING * * *
x2 You see here 7 gold pieces.
The gnoll misses you.
You see here 12 bolts.
Things that are here:
a hand axe; a leather armour You see here a stone.
There is a stone staircase leading up here.
The gnoll hits you from afar with a halberd of chopping!
You die...
Your body crumbles into a pile of gold.

##.###(.g...... ###
#####...##
######..####
#...(.(#####
#.#######...
##########.# ##.##
#..........# #..##
#........########.###
#...@.g........##.# #
#........#####....# #
########## ######


You could see a gnoll.

Vanquished Creatures
  An orc priest (D:3)
  An orc wizard (D:3)
  2 adders
  3 gnolls
  A giant gecko (D:3)
  3 orcs (D:3)
  8 bats
  4 giant cockroaches
  6 hobgoblins
  2 quokkas
  2 ball pythons
  2 giant newts
  4 goblins
  11 jackals
  5 kobolds
  7 rats
62 creatures vanquished.

Notes
Turn   | Place    | Note
--------------------------------------------------------------
     0 | D:1      | Chiseanne, the Vine Stalker Monk, began the quest for the Orb.
     0 | D:1      | Reached XP level 1. HP: 11/11 MP: 1/1
   208 | D:1      | Reached XP level 2. HP: 16/16 MP: 3/3
   414 | D:1      | Reached XP level 3. HP: 17/19 MP: 4/4
   825 | D:2      | Found a snail-covered altar of Cheibriados.
  1179 | D:2      | Reached XP level 4. HP: 23/23 MP: 5/5
  1322 | D:3      | Found an opulent altar of Gozag.
  1389 | D:3      | Became a worshipper of Gozag Ym Sagoz the Greedy
  1680 | D:3      | Reached skill level 1 in Armour
  1680 | D:3      | Reached skill level 5 in Unarmed Combat
  1680 | D:3      | Reached XP level 5. HP: 28/28 MP: 7/7
  1717 | D:3      | HP: 1/28 [gnoll/halberd of chopping (2)]
  1744 | D:3      | Slain by a gnoll

Action                   |  1- 3 |  4- 6 || total
-------------------------+-------+-------++-------
Melee: Unarmed           |    85 |    72 ||   157
  Eat: Chunk             |     1 |       ||     1
       Beef jerky        |       |     2 ||     2
